 Dungeon Crawl Stone Soup version 0.28-a0-1567-g1695149f81 (webtiles) character file.

Game seed: 12074998980508633314

134 Strat the Conjurer (level 4, -3/33 HPs)
             Began as a Demigod Conjurer on Jan 19, 2022.
             Killed from afar by an orc wizard (8 damage)
             ... with a puff of flame
             ... on level 3 of the Dungeon.
             The game lasted 00:05:57 (4444 turns).

Strat the Conjurer (Demigod Conjurer)               Turns: 4444, Time: 00:05:58

Health: -3/33      AC:  3    Str: 12    XL:     4   Next: 64%
Magic:  3/9        EV: 11    Int: 20    God:
Gold:   152        SH:  0    Dex: 12    Spells: 3/6 levels left

rFire   . . .      SeeInvis .   a - +1 dagger (speed)
rCold   . . .      Faith    .   (no shield)
rNeg    . . .      Spirit   .   c - +0 leather armour
rPois   .          Reflect  .   (no helmet)
rElec   .          Harm     .   (no cloak)
rCorr   .          Rampage  .   (no gloves)
Will    .....                   (no boots)
Stlth   ++........              (no amulet)
HPRegen 0.11/turn               (no ring)
MPRegen 0.11/turn               (no ring)

@: no status effects
A: high mp 1, forlorn, divine attributes
a: no special abilities


You were on level 3 of the Dungeon.
You visited 1 branch of the dungeon, and saw 4 of its levels.

You collected 152 gold pieces.

Inventory:

Hand Weapons
 a - a +1 dagger of speed (weapon)
Missiles
 b - 23 sling bullets
 i - 24 stones
Armour
 c - a +0 leather armour (worn)
 j - a +0 robe
Scrolls
 d - a scroll of blinking {unknown}
 g - a scroll of teleportation
 h - a scroll of enchant weapon {unknown}
 l - a scroll of identify {unknown}


   Skills:
 - Level 1.7 Dodging
 - Level 1.7 Stealth
 - Level 1.7 Spellcasting
 + Level 5.7 Conjurations


You had 3 spell levels left.
You knew the following spells:

 Your Spells              Type           Power      Damage    Failure   Level
a - Magic Dart            Conj           96%        1d7       1%          1
b - Searing Ray           Conj           48%        2d6       3%          2

Your spell library contained the following spells:

 Spells                   Type           Power      Damage    Failure   Level
 Dazzling Flash           Conj/Hex       26%        N/A       19%         3
 Slow                     Hex            4%         N/A       21%         1
 Mephitic Cloud           Conj/Pois/Air  9%         N/A       28%         3
 Call Imp                 Summ           1%         N/A       30%         2
 Confusing Touch          Hex            1%         N/A       52%         3
 Frozen Ramparts          Ice            2%         1d2       52%         3
 Vampiric Draining        Necr           1%         2d6       52%         3
 Fulminant Prism          Conj/Hex       6%         3d7       54%         4
 Iskenderun's Mystic Bla  Conj/Tloc      13%        2d5       54%         4
 Ice Form                 Ice/Tmut       1%         N/A       90%         4
 Summon Ice Beast         Ice/Summ       1%         N/A       90%         4


Dungeon Overview and Level Annotations

Branches:
Dungeon (4/15)
 Temple: D:4-7

Shops:
D:1 !


Innate Abilities, Weirdness & Mutations

You have an increased reservoir of magic. (+10% MP)
You shall have no god before yourself.
Your divine heritage dramatically boosts your attributes as you level up.


Message History

You bump into the rock wall.
Something hits you but does no damage.
You miss something. You miss something.
You feel less confused. Something hits you.
* * * LOW HITPOINT WARNING * * *
You hit something but do no damage. Something hits you but does no damage.
Casting: Searing Ray (safe; 3% risk of failure)
Confirm with . or Enter, or press ? or * to list all spells.
You can't see any susceptible monsters within range! (Use Z to cast anyway.)
Casting: Searing Ray (safe; 3% risk of failure)
Confirm with . or Enter, or press ? or * to list all spells.
Aiming: Searing Ray (safe; 3% risk of failure)
Press: ? - help, Shift-Dir - straight line (Press . to maintain the ray.)
Something hits you but does no damage. Something hits you.
* * * LOW HITPOINT WARNING * * *
Something hits you but does no damage.
You finish channelling your searing ray.
You hear some strange, mumbled words.
You are confused.
Something hits you.
* * * LOW HITPOINT WARNING * * *
You closely miss something. Something hits you.
* * * LOW HITPOINT WARNING * * *
You bump into the rock wall.
Something hits you.
* * * LOW HITPOINT WARNING * * *
You closely miss something.
You feel less confused.
You closely miss something. Something hits you.
* * * LOW HITPOINT WARNING * * *
You miss something. Something hits you.
* * * LOW HITPOINT WARNING * * *
You barely miss something. You hit something.
You hear some strange, mumbled words.
A puff of flame appears from out of thin air!
The puff of flame hits you!
You die...

*,***##......#* ***
*,,,,........#***,,
******#.......,,,,*
#.....o#*****
#......#
*****#)######
#o#.o.o. ##########
#.#.#### #..@{.)..#
#.#.#### #)######.#
#.o..... #.# *,*
##.#.#### #.#
####.###....####
#.#
#...............
#.#
#.##.###...#####
#o###.##.# ##.## #
#........# #.# #
#######.#### #.# #


There were no monsters in sight!

Vanquished Creatures
  An orc priest (D:3)
  3 adders (D:2)
  A dart slug (D:2)
  An orc (D:3)
  5 endoplasms
  2 giant cockroaches (D:1)
  11 goblins
  12 hobgoblins
  2 jackals (D:1)
  7 kobolds
  2 quokkas
  7 ball pythons
  6 bats
  2 frilled lizards
  4 rats
66 creatures vanquished.

Notes
Turn   | Place    | Note
-------+----------+-------------------------------------------
     0 | D:1      | Strat the Demigod Conjurer began the quest for the Orb.
     0 | D:1      | Reached XP level 1. HP: 14/14 MP: 5/5
   414 | D:1      | Reached skill level 4 in Conjurations
   526 | D:1      | Reached XP level 2. HP: 17/20 MP: 4/7
   818 | D:1      | Learned a level 2 spell: Searing Ray
  1177 | D:1      | Found Otozeh's Distillery.
  1811 | D:1      | Reached XP level 3. HP: 24/26 MP: 8/8
  2498 | D:2      | Reached skill level 5 in Conjurations
  3243 | D:2      | Reached XP level 4. HP: 33/33 MP: 6/9
  4444 | D:3      | Killed from afar by an orc wizard

Illustrated notes

Levels and vault maps discovered:
D:1:      dpeg_arrival_houses_and_road, layout_basic,
          dreamdust_ecumenical_altar_grove, serial_shops,
          nicolae_shop_waterfront
D:2:      cheibrodos_greedy_goblins, layout_basic, minmay_misc_feat_rows
D:3:      layout_loops_corners, mainiacjoe_overflow_large_starburst,
          kennysheep_generic_room_11, uniq_terence
D:4:      layout_cave_pods, minivault_26, uniq_menkaure

Skill      XL: |  1  2  3 |
---------------+----------+-----
Conjurations   | 4 5 |  5.7
Dodging        | |  1.7
Stealth        | |  1.7
Spellcasting   | |  1.7

Action                   |  1- 3 |  4- 6 || total
-------------------------+-------+-------++-------
Melee: Club              |     9 |       ||     9
       Dagger            |   114 |    45 ||   159
       Punch             |     1 |     1 ||     2
 Cast: Magic Dart        |    56 |       ||    56
       Searing Ray       |     5 |     8 ||    13
  Use: Scroll            |       |     3 ||     3
       Potion            |       |     2 ||     2
 Stab: Sleeping          |     2 |       ||     2
Armor: Robe              |    12 |       ||    12
       Leather armour    |    41 |    13 ||    54
Dodge: Dodged            |    64 |    23 ||    87

Table legend: (Time is in decaauts)
 A = Elapsed time spent in this place.
 B = Non-inter-level travel time spent in this place.
 C = Inter-level travel time spent in this place.
 D = Time resting spent in this place.
 E = Time spent auto-exploring this place.
 F = Levels seen in this place.
 G = Mean time per level.
                   A        B        C        D        E       F      G
               +--------+--------+--------+--------+--------+-----+--------+
         Total |   4395 |   4311 |     84 |   1028 |   2630 |   4 | 1098.8 |
       Dungeon |   4395 |   4311 |     84 |   1028 |   2630 |   4 | 1098.8 |
               +--------+--------+--------+--------+--------+-----+--------+

Top non-repeatable levels by time:
     D:1: 2037 daAuts
     D:2: 1651 daAuts
     D:3: 704 daAuts
     D:4: 1 daAuts
